 Dungeon Crawl Stone Soup version 0.29.1-13-g9f3cf754e1 (webtiles) character file.

Game seed: 1475752579499699306

116 Rikuski the Sneak (level 4, -1/21 HPs)
             Began as a Spriggan Enchanter on Feb 2, 2023.
             Killed from afar by an orc wizard (7 damage)
             ... with a magic dart
             ... on level 3 of the Dungeon.
             The game lasted 00:17:39 (4530 turns).

Rikuski the Sneak (Spriggan Enchanter)              Turns: 4530, Time: 00:17:39

Health: -1/21      AC:  4    Str:  4    XL:     4   Next: 69%
Magic:  6/10       EV: 18    Int: 22    God:
Gold:   123        SH:  0    Dex: 15    Spells: 8/10 levels left

rFire   . . .      SeeInvis +   a - +1 dagger
rCold   . . .      Faith    .   (no shield)
rNeg    . . .      Spirit   .   p - +2 robe of Space {Int+4}
rPois   .          Reflect  .   (helmet restricted)
rElec   .          Harm     .   (no cloak)
rCorr   +          Rampage  .   (gloves unavailable)
Will    .....                   (boots unavailable)
Stlth   +++.......              (no amulet)
HPRegen 0.07/turn               q - ring of resist corrosion
MPRegen 0.12/turn               (no ring)

@: very quick
A: very small, no large weapons, unfitting armour, see invisible, speed 3
a: no special abilities


You were on level 3 of the Dungeon.
You visited 1 branch of the dungeon, and saw 3 of its levels.

You collected 123 gold pieces.

Inventory:

Hand Weapons
 a - a +1 dagger (weapon)
Missiles
 g - 20 stones (quivered)
Armour
 b - a +0 robe
 l - a +2 robe of willpower
 p - the +2 robe of Space (worn) {Int+4}
   (You found it on level 3 of the Dungeon)

   Int:       It affects your intelligence (+4).
Jewellery
 q - a ring of resist corrosion (left hand)
Scrolls
 e - a scroll of teleportation {unknown}
 h - 8 scrolls of identify {unknown}
 j - 3 scrolls of enchant weapon {unknown}
 k - a scroll of poison {unknown}
 r - 2 scrolls of fear {unknown}
Potions
 c - a potion of degeneration {unknown}
 d - a potion of resistance {unknown}
 f - 3 potions of curing {unknown}
 i - a potion of lignification {unknown}
 m - a potion of ambrosia {unknown}
 n - a potion of might {unknown}
 o - 2 potions of haste {unknown}


   Skills:
 + Level 2.2 Short Blades
 + Level 3.6 Dodging
 + Level 5.4 Stealth
 + Level 3.6 Spellcasting
 * Level 4.4 Hexes


You had 8 spell levels left.
You knew the following spells:

 Your Spells              Type           Power      Damage    Failure   Level
a - Ensorcelled Hibernat  Hex/Ice        26%        N/A       7%          2

Your spell library contained the following spells:

 Spells                   Type           Power      Damage    Failure   Level
 Confusing Touch          Hex            23%        N/A       5%          3
 Tukima's Dance           Hex            23%        N/A       5%          3
 Dazzling Flash           Conj/Hex       26%        N/A       14%         3


Dungeon Overview and Level Annotations

Branches:
Dungeon (3/15)

Altars:


Innate Abilities, Weirdness & Mutations

You are very small and have problems with some larger weapons.
You are too small for most types of armour.
You have supernaturally acute eyesight. (SInv)
You cover ground extremely quickly. (Speed+++)


Message History

You closely miss the orc. The orc hits you with a +0 club.
You hit the orc.
The orc is moderately wounded.
The orc completely misses you.
You hit the orc.
The orc is severely wounded.
You completely miss the orc.
The orc is severely wounded.
The orc hits you with a +0 club.
You barely miss the orc.
The orc is severely wounded.
The orc barely misses you.
Your magical contamination has completely faded away.
You hit the orc but do no damage.
The orc is severely wounded.
The orc misses you.
You hit the orc.
You kill the orc!
The orc wizard hits you with a +0 dagger.
Items here: ( ) [ †.
You hit the orc wizard but do no damage.
The orc wizard hits you with a +0 dagger.
You hit the orc wizard but do no damage.
You hit the orc wizard but do no damage.
The orc wizard completely misses you.
You hit the orc wizard.
The orc wizard is lightly wounded.
The orc wizard misses you.
You closely miss the orc wizard.
The orc wizard is lightly wounded.
The orc wizard closely misses you.
You barely miss the orc wizard.
The orc wizard is lightly wounded.
The orc wizard hits you with a +0 dagger.
* * * LOW HITPOINT WARNING * * *
You hit the orc wizard but do no damage.
The orc wizard is lightly wounded.
The orc wizard gestures at you while chanting.
The magic dart hits you!
You die...

## #.#..## ##.# .#
#.##..# #..# .# #.###.#
##)## .## #.# #.# ##..#
..###.# #.# #..##
#..##.# #.####.## #
##.##.###..#...# ###.###
##...........####.......
................@o..#
.........)......#.###
#######....##...#.#
###.##.)..#...#
###...##.#..#.....#
#...####.#........#
#.### #>#...####...
###.# #.#...# ### ....#
##...#.#


You could see an orc wizard.

Vanquished Creatures
  Robin (D:2)
  3 adders
  A dart slug (D:1)
  5 orcs (D:3)
  4 ball pythons
  5 endoplasms
  3 giant cockroaches
  10 goblins
  5 hobgoblins
  3 jackals (D:2)
  2 quokkas
  6 bats
  3 frilled lizards
  8 kobolds
  6 rats
65 creatures vanquished.

Vanquished Creatures (others)
  A demonic plant (D:1)
  6 plants (D:1)
7 creatures vanquished.

Grand Total: 72 creatures vanquished

Notes
Turn   | Place    | Note
-------+----------+-------------------------------------------
     0 | D:1      | Rikuski the Spriggan Enchanter began the quest for the Orb.
     0 | D:1      | Reached XP level 1. HP: 9/9 MP: 5/5
   676 | D:1      | Found a faded altar of an unknown god.
   709 | D:1      | Reached XP level 2. HP: 4/13 MP: 6/6
   716 | D:1      | Learned a level 2 spell: Ensorcelled Hibernation
  1992 | D:2      | Reached XP level 3. HP: 13/16 MP: 2/8
  2041 | D:2      | Reached skill level 5 in Stealth
  2838 | D:2      | Noticed Robin
  2852 | D:2      | Killed Robin
  2853 | D:2      | Reached XP level 4. HP: 21/21 MP: 0/10
  3834 | D:3      | Identified the +2 robe of Space {Int+4}
  4530 | D:3      | Killed from afar by an orc wizard

Illustrated notes

Levels and vault maps discovered:
D:1:      enne_arrival_octagon_isle, layout_basic, shapermc_ecumenical_altar_gd,
          minmay_misc_feat_ornament, dreamdust_princess_bridge,
          amcnicky_mini_pool_small
D:2:      layout_basic, uniq_robin
D:3:      layout_rooms, bh_walls_and_bars

Skill      XL: |  1  2  3 |
---------------+----------+-----
Dodging        | 3 |  3.6
Spellcasting   | 3 |  3.6
Stealth        | 5 |  5.4
Hexes          | 4 |  4.4
Short Blades   | 2 |  2.2

Action                   |  1- 3 |  4- 6 || total
-------------------------+-------+-------++-------
Melee: Dagger            |   134 |    65 ||   199
       Punch             |     1 |     1 ||     2
 Cast: Ensorcelled Hiber |    25 |    17 ||    42
  Use: Potion            |     2 |       ||     2
 Stab: Sleeping          |    24 |    15 ||    39
       Invisible         |     1 |       ||     1
Armor: Robe              |    16 |     6 ||    22
Dodge: Dodged            |   111 |    31 ||   142
